 Dungeon Crawl Stone Soup version 0.28-a0-1524-ge72afd5fc6 (webtiles) character file.

Game seed: 1323141263245285024

382 dolemite99 the Poker (level 6, -7/44 HPs)
             Began as a Demonspawn Gladiator on Jan 18, 2022.
             Killed by divine providence
             ... invoked by an orc priest
              (10 damage)
             ... on level 4 of the Dungeon.
             The game lasted 00:03:38 (3756 turns).

dolemite99 the Poker (Demonspawn Gladiator)         Turns: 3756, Time: 00:03:39

Health: -7/44      AC: 10    Str: 17    XL:     6   Next: 47%
Magic:  6/6        EV: 11    Int:  9    God:
Gold:   111        SH:  0    Dex: 14    Spells: 5/5 levels left

rFire   . . .      SeeInvis .   a - +0 trident
rCold   + . .      Faith    .   (no shield)
rNeg    . . .      Spirit   .   r - +0 ring mail
rPois   .          Reflect  .   (helmet restricted)
rElec   .          Harm     .   s - scarf {shadows}
rCorr   .          Rampage  .   q - +0 pair of gloves
Will    .....                   (no boots)
Stlth   +.........              (no amulet)
HPRegen 0.14/turn               (no ring)
MPRegen 0.10/turn               (no ring)

@: no status effects
A: antennae 1, icy blue scales 3
a: no special abilities


You were on level 4 of the Dungeon.
You visited 1 branch of the dungeon, and saw 4 of its levels.

You collected 153 gold pieces.
You spent 42 gold pieces at shops.

Inventory:

Hand Weapons
 a - a +0 trident (weapon)
Missiles
 d - 3 throwing nets
 f - 81 stones
 h - 112 arrows
 l - 2 boomerangs (quivered)
 o - 39 sling bullets
Armour
 b - a +0 leather armour
 c - a +0 helmet
 q - a +0 pair of gloves (worn)
 r - a +0 ring mail (worn)
 s - a scarf of shadows (worn)
Jewellery
 u - a +6 ring of dexterity
Wands
 p - a wand of iceblast (10)
Scrolls
 e - a scroll of silence {unknown}
 i - a scroll of teleportation {unknown}
 k - a scroll of identify {unknown}
 m - a scroll of amnesia {unknown}
 t - a scroll of torment {unknown}
Potions
 g - 2 potions of heal wounds {unknown}
 j - 2 potions of magic {unknown}
 n - a potion of mutation {unknown}


   Skills:
 - Level 2.0 Fighting
 + Level 6.7 Polearms
 - Level 1.7 Throwing
 - Level 2.6 Dodging


You had 5 spell levels left.
You didn't know any spells.
Your spell library contained the following spells:

 Spells                   Type           Power      Damage    Failure   Level
 Animate Skeleton         Necr           0%         N/A       58%         1
 Pain                     Necr           0%         1d4       58%         1
 Ozocubu's Armour         Ice            0%         N/A       92%         3
 Vampiric Draining        Necr           0%         2d6       92%         3
 Metabolic Englaciation   Hex/Ice        0%         N/A       100%        5
 Simulacrum               Ice/Necr       0%         N/A       100%        6


Dungeon Overview and Level Annotations

Branches:
Dungeon (4/15)
 Temple: D:4-7

Altars:

Shops:
D:2 !


Innate Abilities, Weirdness & Mutations

You have a pair of small antennae on your head.
You are completely covered in icy blue scales. (AC +4, rC+)


Message History

You see here an iguana corpse.
You start resting.
You sense a monster nearby.
You hit the orc priest but do no damage.
The orc priest hits you but does no damage.
You barely miss the orc priest.
The orc priest invokes the aid of Beogh against you.
Beogh smites you!
You are too injured to fight recklessly!
You feel better.
The orc priest hits you with a +0 flail.
The orc priest misses you.
You see here an iguana corpse.
An orc comes into view. It is wielding a +0 hand axe.
The orc priest invokes the aid of Beogh against you.
Pain shoots through your body!
* * * LOW HITPOINT WARNING * * *
You closely miss the orc priest. The orc priest misses you.
You hit the orc priest. You punch the orc priest.
The orc priest is moderately wounded.
The orc priest hits you but does no damage.
The orc priest hits you with a +0 flail.
* * * LOW HITPOINT WARNING * * *
You barely miss the orc priest.
You punch the orc priest, but do no damage.
The orc priest looks braver for a moment.
You hit the orc priest.
The orc priest is heavily wounded.
The orc priest hits you with a +0 flail.
* * * LOW HITPOINT WARNING * * *
You closely miss the orc priest. The orc hits you with a +0 hand axe.
* * * LOW HITPOINT WARNING * * *
The orc priest barely misses you. The orc priest closely misses you.
You hit the orc priest.
The orc priest is severely wounded.
The orc hits you but does no damage.
The orc priest hits you but does no damage.
The orc priest invokes the aid of Beogh against you.
Beogh smites you!
You die...

#..........#
#.########.#
#.#......#.#
#.#.####.#.# ......
#.#.# #.#.##.......
#.#.# #.#.##.......
#.... #.#.#
#.#.##.....>. #....
#.#.####.#.##.......
#.o..#
#.#@#....#.##.......
#.....
#.ooo..###..'..<....
#.(...
#.#.#########.......
#.....####.#
......'..†....
#.....{{...#
.######.......
#....#######
##..#### #... #..#
### #..# #).#


You could see 2 orc priests and an orc.

Vanquished Creatures
  A hound (D:4)
  A centaur skeleton (D:4)
  An iguana (D:4)
  Natasha (thrice) (D:3)
  8 adders
  3 gnolls (D:2)
  3 dart slugs
  12 orcs
  6 bats
  6 endoplasms
  7 giant cockroaches
  6 goblins
  8 hobgoblins
  2 jackals (D:2)
  4 quokkas
  5 ball pythons
  6 frilled lizards
  5 kobolds
  4 rats
91 creatures vanquished.

Vanquished Creatures (others)
  An orc wizard (D:3)
  A ball python (D:3)
2 creatures vanquished.

Grand Total: 93 creatures vanquished

Notes
Turn   | Place    | Note
-------+----------+-------------------------------------------
     0 | D:1      | dolemite99 the Demonspawn Gladiator began the quest for the
                  | Orb.
     0 | D:1      | Reached XP level 1. HP: 16/16 MP: 1/1
   128 | D:1      | Reached skill level 3 in Polearms
   142 | D:1      | Gained mutation: You are partially covered in icy blue
                  | scales. (AC +2) [demonic ancestry]
   142 | D:1      | Reached XP level 2. HP: 20/22 MP: 2/2
   800 | D:2      | Found Kozabobi's Distillery.
   804 | D:2      | Gained mutation: You are mostly covered in icy blue scales.
                  | (AC +3) [demonic ancestry]
   804 | D:2      | Reached XP level 3. HP: 27/27 MP: 3/3
   808 | D:2      | Bought a potion of curing for 42 gold pieces
   862 | D:2      | Reached skill level 4 in Polearms
  1156 | D:2      | Gained mutation: You are completely covered in icy blue
                  | scales. (AC +4, rC+) [demonic ancestry]
  1156 | D:2      | Reached XP level 4. HP: 25/33 MP: 4/4
  1726 | D:2      | You fall into a shaft and drop 1 floor!
  1768 | D:3      | Reached skill level 5 in Polearms
  1783 | D:3      | Noticed Natasha
  1789 | D:3      | Killed Natasha
  1804 | D:3      | Reached XP level 5. HP: 35/38 MP: 5/5
  1868 | D:2      | Found a faded altar of an unknown god.
  2816 | D:3      | Noticed Natasha
  2823 | D:3      | Killed Natasha
  2869 | D:3      | Noticed Natasha
  2879 | D:3      | Killed Natasha
  2880 | D:3      | Reached skill level 6 in Polearms
  3238 | D:4      | Gained mutation: You have a pair of small antennae on your
                  | head. [demonic ancestry]
  3238 | D:4      | Reached XP level 6. HP: 44/44 MP: 6/6
  3756 | D:4      | Killed from afar by an orc priest

Illustrated notes

Levels and vault maps discovered:
D:1:      dpeg_arrival_lava_temple_mockup, layout_basic, serial_glass,
          glass_columns_a, glass_columns_a, glass_columns_a, glass_columns_b,
          amethyst_killhole, minmay_ruptured
D:2:      layout_loops_ring, serial_shops, shop,
          shapermc_ecumenical_altar_mp_vishouse, minmay_misc_feat_enclosed
D:3:      layout_basic, minmay_randomly_rotated_circles, uniq_natasha
D:4:      layout_basic

Skill      XL: |  1  2  3  4  5 |
---------------+----------------+-----
Polearms       | 3 4 5 6 |  6.7
Fighting       | |  2.0
Throwing       | |  1.7
Dodging        | |  2.6

Action                   |  1- 3 |  4- 6 || total
-------------------------+-------+-------++-------
Melee: Trident           |    83 |   172 ||   255
       Punch             |       |     4 ||     4
Throw: Boomerang         |    16 |    32 ||    48
  Use: Potion            |       |     3 ||     3
 Stab: Sleeping          |     3 |     3 ||     6
       Distracted        |       |     1 ||     1
Armor: Leather armour    |    23 |    43 ||    66
       Ring mail         |       |    32 ||    32
Dodge: Dodged            |    50 |   130 ||   180

Table legend: (Time is in decaauts)
 A = Elapsed time spent in this place.
 B = Non-inter-level travel time spent in this place.
 C = Inter-level travel time spent in this place.
 D = Time resting spent in this place.
 E = Time spent auto-exploring this place.
 F = Levels seen in this place.
 G = Mean time per level.
                   A        B        C        D        E       F      G
               +--------+--------+--------+--------+--------+-----+--------+
         Total |   3794 |   3739 |     55 |    951 |   1996 |   4 |  948.5 |
       Dungeon |   3794 |   3739 |     55 |    951 |   1996 |   4 |  948.5 |
               +--------+--------+--------+--------+--------+-----+--------+

Top non-repeatable levels by time:
     D:3: 1299 daAuts
     D:2: 1124 daAuts
     D:1: 808 daAuts
     D:4: 562 daAuts
